Map: Golden Wall LE

Players

PtitDrogo

  • Race: Protoss Protoss
  • League: Master
  • Spawn Location: 5:00

Dream - Winner!

  • Race: Terran Terran
  • Spawn Location: 7:00

Event: StayAtHomestory Cup #1

VOD

Have the link to the VOD?

Description

Time

  • Played on: April 10, 2020, 9:59 a.m.
  • Length: 11:30

All games in this series

Show
View Real Time Build Order
Export as new Build Order

PtitDrogo Protoss 

Build Orders: Zealot Archon, Archon Drop, Dark Templar Rush 

Get SALT Encoding   

  12  0:00  Probe  
  13  0:12  Probe  
  14  0:18  Pylon  
  14  0:25  Probe  
  15  0:36  Gateway  
  15  0:37  Probe (Chrono Boost)  
  16  0:47  Probe (Chrono Boost), Assimilator  
  17  0:52  Probe (Chrono Boost)  
  17  0:55  Assimilator  
  18  1:03  Probe  
  19  1:16  Probe  
  20  1:23  Cybernetics Core  
  20  1:28  Probe  
  20  1:30  Pylon  
  21  1:40  Probe  
  22  1:52  Probe  
  23  1:57  Stalker (Chrono Boost)  
  23  1:59  Warp Gate  
  25  2:01  Twilight Council  
  25  2:04  Probe  
  26  2:19  Robotics Facility  
  26  2:36  Nexus  
  26  2:44  Dark Shrine  
  26  2:55  Gateway  
  26  3:03  Gateway  
  26  3:17  Warp Prism (Chrono Boost)  
  28  3:23  Probe  
  29  3:30  Pylon  
  29  3:35  Probe  
  30  3:47  Probe  
  31  3:59  Probe (Chrono Boost), Dark Templar x2  
  31  4:01  Dark Templar  
  37  4:04  Probe (Chrono Boost)  
  38  4:11  Probe (Chrono Boost)  
  40  4:17  Probe (Chrono Boost)  
  40  4:18  Probe (Chrono Boost)  
  40  4:19  Archon  
  40  4:22  Probe (Chrono Boost)  
  42  4:29  Probe (Chrono Boost)  
  43  4:31  Charge (Chrono Boost)  
  43  4:32  Dark Templar  
  43  4:33  Probe (Chrono Boost)  
  43  4:36  Archon  
  47  4:40  Probe (Chrono Boost)  
  47  4:41  Probe (Chrono Boost)  
  47  4:42  Pylon  
  48  4:49  Probe  
  48  4:51  Probe  
  50  5:01  Probe  
  50  5:06  Probe  
  52  5:15  Probe  
  52  5:17  Gateway  
  52  5:18  Probe, Gateway  
  52  5:19  Gateway  
  52  5:20  Gateway  
  54  5:24  Assimilator x2  
  54  5:26  Gateway  
  54  5:27  Sentry  
  54  5:28  Sentry  
  58  5:30  Pylon  
  58  5:32  Probe  
  59  5:37  Pylon  
  59  5:41  Pylon  
  59  5:43  Pylon  
  59  5:47  Probe  
  60  6:05  Probe x2  
  60  6:06  Nexus  
  60  6:07  Blink (Chrono Boost)  
  62  6:14  Dark Templar  
  62  6:15  Dark Templar  
  62  6:17  Sentry  
  68  6:20  Archon  
  68  6:21  Probe  
  68  6:24  Shield Battery  
  69  6:30  Probe  
  70  6:53  Stalker x2  
  71  6:54  Stalker  
  71  6:55  Stalker  
  71  6:56  Probe  
  71  6:59  Probe  
  75  7:08  Probe  
  76  7:11  Probe  
  77  7:20  Probe  
  77  7:22  Dark Templar x2  
  82  7:23  Probe, Zealot x4  
  82  7:27  Archon  
  91  7:31  Zealot  
  91  7:32  Probe, Zealot  
  91  7:33  Probe  
  91  7:35  Probe  
  98  7:44  Probe  
  98  7:49  Probe x2  
  101  7:56  Probe  
  101  7:57  Stalker x3  
  108  8:01  Pylon  
  108  8:03  Pylon  
  108  8:06  Pylon  
  108  8:07  Pylon  
  108  8:08  Shield Battery  
  106  8:16  Stalker  
  106  8:17  Stalker  
  109  8:22  Dark Templar x4  
  109  8:26  Archon x2  
  108  8:35  Zealot x2  
  111  8:42  Zealot x2  
  113  8:58  Dark Templar  
  113  8:59  Dark Templar  
  113  9:00  Immortal (Chrono Boost)  
  113  9:01  Zealot x4  
  121  9:14  Zealot x2  
  125  9:19  Pylon  
  125  9:22  Archon  
  123  9:27  Zealot x4  
  129  9:39  Probe  
  129  9:43  Dark Templar x4  
  136  9:47  Archon x2  
  136  9:48  Zealot x4  
  144  9:56  Pylon  
  144  9:57  Pylon  
  116  10:10  Probe  
  101  10:15  Stalker x4  
  101  10:17  Zealot x4  
  115  10:23  Pylon  
  99  10:38  Stalker x2  
  99  10:39  Stalker x6  
  77  10:52  Assimilator  
  77  11:02  Zealot x8  
Show
View Real Time Build Order
Export as new Build Order

Dream Terran - Winner!

Build Orders: Reaper Expand 

Get SALT Encoding   

  12  0:01  SCV  
  13  0:13  SCV  
  14  0:18  Supply Depot  
  14  0:25  SCV  
  15  0:39  SCV  
  15  0:40  Barracks  
  16  0:44  Refinery  
  16  0:51  SCV  
  17  1:03  SCV  
  18  1:15  SCV  
  19  1:28  Reaper, Orbital Command  
  20  1:41  Command Center  
  20  1:51  Supply Depot  
  20  1:54  SCV  
  20  1:59  Marine  
  22  2:05  Bunker  
  22  2:14  Factory  
  22  2:18  Marine  
  22  2:22  SCV  
  24  2:26  Refinery  
  24  2:34  SCV  
  25  2:39  Barracks Reactor  
  25  2:46  SCV  
  25  2:54  Orbital Command  
  25  2:58  SCV  
  25  3:01  Widow Mine, Starport  
  28  3:11  SCV  
  29  3:16  Marine x2  
  31  3:22  SCV, Widow Mine  
  31  3:24  SCV  
  35  3:34  SCV, Marine x2  
  36  3:37  SCV  
  41  3:41  Supply Depot  
  41  3:43  Widow Mine  
  41  3:47  Starport Tech Lab  
  41  3:49  Engineering Bay  
  41  3:52  Marine x2  
  43  3:57  SCV x2  
  45  4:03  Supply Depot  
  45  4:06  Raven  
  47  4:10  Factory Tech Lab  
  47  4:11  Marine x2  
  47  4:15  Missile Turret  
  49  4:18  SCV x2  
  51  4:26  Supply Depot  
  51  4:31  SCV x2  
  51  4:33  Siege Tank  
  51  4:35  Marine  
  57  4:38  Marine  
  57  4:44  SCV x2  
  60  4:55  Marine  
  60  4:56  Marine  
  61  5:02  Refinery  
  61  5:03  SCV x2  
  60  5:07  Barracks  
  60  5:08  Barracks  
  60  5:10  Siege Tank  
  60  5:12  Marine  
  64  5:14  Marine  
  66  5:21  SCV x2  
  66  5:25  Missile Turret  
  67  5:28  Liberator  
  67  5:30  Terran Infantry Weapons Level 1  
  67  5:34  Refinery  
  70  5:38  Supply Depot  
  70  5:39  Supply Depot  
  70  5:48  Supply Depot  
  70  5:55  SCV  
  70  5:57  SCV, Marine  
  70  5:58  Marine  
  70  6:00  Marine  
  70  6:01  Factory Reactor, Stimpack  
  70  6:07  SCV  
  70  6:09  SCV  
  72  6:16  Barracks  
  72  6:18  Barracks  
  72  6:19  SCV, Marine x2  
  72  6:20  Combat Shield  
  72  6:21  SCV, Viking  
  78  6:26  Marine x2  
  78  6:31  SCV  
  81  6:33  SCV, Supply Depot  
  81  6:39  Widow Mine x2  
  86  6:42  Supply Depot  
  86  6:43  SCV  
  86  6:44  Marine x2  
  86  6:45  SCV  
  87  6:56  SCV  
  87  6:57  SCV  
  87  6:58  Marauder x2  
  87  7:00  Starport Reactor  
  93  7:04  Widow Mine  
  93  7:06  Marine x2, Widow Mine  
  93  7:07  Supply Depot  
  93  7:08  SCV  
  100  7:11  Marine x2  
  103  7:22  Supply Depot  
  102  7:23  Supply Depot  
  102  7:24  Marauder x2, Terran Infantry Armor Level 1  
  102  7:27  Widow Mine x2  
  110  7:31  Marine x3  
  110  7:33  Marine  
  114  7:51  Marauder x2, Marine x4  
  118  7:53  Medivac x2, Widow Mine  
  118  7:56  Concussive Shells  
  128  8:01  Supply Depot  
  128  8:12  Marine x4  
  130  8:14  Widow Mine  
  134  8:21  Supply Depot  
  134  8:23  Supply Depot, Widow Mine  
  136  8:30  Marauder x2  
  135  8:40  Marine x3  
  138  8:49  Widow Mine x2  
  138  8:51  Medivac x2  
  138  8:52  Marauder  
  142  9:01  Marauder, Marine x2  
  146  9:09  Marine x2  
  147  9:11  Widow Mine  
  147  9:13  Marauder  
  146  9:19  Marine  
  147  9:26  Medivac x2  
  147  9:29  Marauder, Marine  
  153  9:45  Marauder, Marine x2  
  157  9:51  Marauder  
  157  9:56  Supply Depot  
  157  9:57  Supply Depot  
  156  10:04  Medivac x2, Widow Mine x2  
  155  10:11  Marauder  
  155  10:12  Marine x2  
  155  10:13  Marauder  
  138  10:15  Marine  
  137  10:28  Marine  
  137  10:32  Marauder  
  137  10:34  Marauder  
  125  10:39  Marine x2  
  103  10:43  Widow Mine x2  
  103  10:47  Medivac  
  107  10:52  Marine x2  
  107  10:54  Marauder  
  107  10:55  Marine  
  110  10:57  Marine  
Tags
 
Add a new tag
Caveats
  • Supply blocks, unpowered buildings, or Contaminate may cause inaccurate times.
  • Supply counts are checked every 10 seconds.